 Dungeon Crawl Stone Soup version 0.21.0 (webtiles) character file.

2998 Drusha21 the Cleaver (level 9, 0/79 HPs)
             Began as a Minotaur Fighter on Mar 6, 2018.
             Was an Initiate of Okawaru.
             Slain by a two-headed ogre
             ... wielding a +0 giant spiked club
              (10 damage)
             ... on level 8 of the Dungeon on Mar 13, 2018.
             The game lasted 00:22:04 (6682 turns).

Drusha21 the Cleaver (Minotaur Fighter)             Turns: 6682, Time: 00:22:05

Health: 0/79       AC:  8    Str: 22    XL:     9   Next: 54%
Magic:  8/8        EV: 10    Int:  5    God:    Okawaru [......]
Gold:   285        SH: 11    Dex: 12    Spells: 8/8 levels left

rFire    + + .     SeeInvis .   a - +0 war axe
rCold    x x .     Gourm    .   c - +0 shield
rNeg     . . .     Faith    .   b - +0 scale mail
rPois    .         Spirit   .   (helmet restricted)
rElec    .         Reflect  .   (no cloak)
rCorr    .         Harm     .   (no gloves)
MR       .....                  (no boots)
Stlth    ..........             I - amulet of rage
HPRegen  0.23/turn              k - ring of fire
MPRegen  0.11/turn              n - ring of fire

@: no status effects
A: retaliatory headbutt, horns 2
a: Renounce Religion, Evoke Berserk Rage


You were on level 8 of the Dungeon.
You worshipped Okawaru.
Okawaru was noncommittal.
You were not hungry.

You visited 2 branches of the dungeon, and saw 9 of its levels.
You also visited: Ossuary.

You collected 285 gold pieces.

Inventory:

Hand Weapons
 a - a +0 war axe (weapon)
Armour
 b - a +0 scale mail (worn)
 c - a +0 shield (worn)
Jewellery
 k - a ring of fire (left hand)
 n - a ring of fire (right hand)
 F - a -3 ring of dexterity
 I - an amulet of rage (around neck)
Wands
 r - a wand of iceblast (6)
 C - a wand of flame (47)
 E - a wand of digging (14)
Scrolls
 e - 4 scrolls of teleportation
 h - a scroll of enchant armour {unknown}
 j - a scroll of blinking {unknown}
 l - 2 scrolls of immolation
 p - 3 scrolls of remove curse
 t - 2 scrolls of fog {unknown}
 y - a scroll of random uselessness {unknown}
 G - a scroll of fear {unknown}
 J - a scroll of magic mapping {unknown}
Potions
 d - 2 potions of might
 i - 3 potions of brilliance
 m - 2 potions of mutation
 o - 2 potions of flight {unknown}
 q - a potion of resistance {unknown}
 s - a potion of cancellation {unknown}
 u - a potion of degeneration {unknown}
 v - 2 potions of curing
 w - 3 potions of agility
 x - 2 potions of lignification
 z - a potion of haste {unknown}
 A - 2 potions of heal wounds {unknown}
 B - a potion of magic {unknown}
 D - 2 potions of ambrosia {unknown}
Books
 g - a book of Misfortune

   Spells                             Type                      Level
   a - Confusing Touch                Hexes                        1
   b - Confuse                        Hexes                        3
   c - Gell's Gravitas                Translocation                3
   d - Petrify                        Transmutation/Earth          4
   e - Metabolic Englaciation         Hexes/Ice                    5
   f - Yara's Violent Unravelling     Hexes/Transmutation          5
Comestibles
 f - 14 rations
 H - 6 chunks of flesh


   Skills:
 + Level 7.3 Fighting
 + Level 10.0 Axes
 + Level 8.6 Armour
 + Level 4.0 Dodging
 + Level 1.1 Stealth
 + Level 6.8 Shields


You had 8 spell levels left.
You didn't know any spells.

Dungeon Overview and Level Annotations

Branches:
Dungeon (8/15)             Temple (1/1) D:7
   Lair: D:8-11

Altars:
Ashenzari
Cheibriados
Dithmenos
Elyvilon
Fedhas
Gozag
Hepliaklqana
Kikubaaqudgha
Nemelex Xobeh
Okawaru
Qazlal
Ru
Sif Muna
Trog
Uskayaw
Vehumet
Wu Jian
Xom
Yredelemnul
Zin


Innate Abilities, Weirdness & Mutations

You reflexively headbutt those who attack you in melee.
You have a pair of horns on your head.


Message History

The two-headed ogre is moderately wounded.
Your shield prevents you from hitting the two-headed ogre.
You headbutt the two-headed ogre.
The two-headed ogre is moderately wounded.
The two-headed ogre hits you with a giant spiked club!
The two-headed ogre hits you with a giant club!
You slash the two-headed ogre!
The two-headed ogre is heavily wounded.
You block the two-headed ogre's attack. The two-headed ogre closely misses you.
You barely miss the two-headed ogre. You headbutt the two-headed ogre.
The two-headed ogre is heavily wounded.
You block the two-headed ogre's attack. The two-headed ogre misses you.
You hit the two-headed ogre.
The two-headed ogre is heavily wounded.
You barely miss the two-headed ogre.
The two-headed ogre is heavily wounded.
The two-headed ogre hits you with a giant spiked club!!
* * * LOW HITPOINT WARNING * * *
The two-headed ogre hits you with a giant club!
You die...

# ####.# #####
#.O..# #...# #@#
#.#.#
#.######.#.#######
#.................
#.########.#######
#........#.####
#.###.........#
#.# #.........#
#.. #.........####
#>................


You could see a two-headed ogre.

Vanquished Creatures
  Pikel (D:7)
  Prince Ribbit (D:7)
  A hippogriff (D:7)
  Menkaure (D:7)
  2 orc warriors
  A sky beast (D:6)
  2 black bears
  2 ogres
  2 centaurs
  A crocodile (D:8)
  A bullfrog (D:6)
  3 water moccasin zombies (Ossuary)
  2 scorpions
  A howler monkey (D:4)
  2 hounds
  3 crimson imps
  A centaur zombie (D:6)
  An orc priest (D:3)
  A centaur skeleton (D:4)
  4 orc wizards
  8 worker ants
  A hound skeleton (D:4)
  2 mummies (Ossuary)
  12 adders
  2 shadow imps
  An ooze (D:3)
  6 adder zombies
  2 worms
  2 dart slugs
  5 leopard geckos
  17 orcs
  6 giant cockroaches
  A gnoll zombie (Ossuary)
  7 hobgoblins
  6 jackals
  4 quokkas
  2 ball pythons (D:1)
  9 bats
  10 frilled lizards
  3 goblins
  5 hobgoblin zombies (Ossuary)
  4 kobolds (D:1)
  6 kobold zombies (Ossuary)
  A leopard gecko skeleton (D:4)
  3 orc zombies (Ossuary)
  A quokka skeleton (D:6)
  5 rats
164 creatures vanquished.

Vanquished Creatures (others)
  2 slaves (D:7)
  Blork the orc (D:6)
  An orc (D:7)
  23 fungi (D:8)
  A plant (D:8)
28 creatures vanquished.

Grand Total: 192 creatures vanquished

Notes
Turn   | Place    | Note
-------+----------+-------------------------------------------
     0 | D:1      | Drusha21 the Minotaur Fighter began the quest for the Orb.
     0 | D:1      | Reached XP level 1. HP: 19/19 MP: 0/0
   233 | D:1      | Reached XP level 2. HP: 20/27 MP: 1/1
   268 | D:1      | Reached skill level 3 in Axes
   837 | D:2      | Reached XP level 3. HP: 33/33 MP: 2/2
  1297 | D:2      | Reached XP level 4. HP: 37/41 MP: 3/3
  1490 | D:3      | Reached skill level 4 in Axes
  1663 | D:3      | Found a shattered altar of Ashenzari.
  1814 | D:3      | Reached XP level 5. HP: 7/47 MP: 4/4
  2300 | D:4      | Noticed an ogre
  2304 | D:4      | Killed an ogre
  2304 | D:4      | Reached skill level 5 in Axes
  2305 | D:4      | Reached XP level 6. HP: 50/53 MP: 5/5
  2351 | D:4      | Found a stormy altar of Qazlal.
  2507 | D:4      | Found a deep blue altar of Sif Muna.
  2507 | D:4      | Found an ornate altar of the Wu Jian Council.
  2635 | D:4      | Found a sand-covered staircase.
  2647 | Ossuary  | Entered an ossuary
  2690 | Ossuary  | Reached skill level 5 in Fighting
  2690 | Ossuary  | Reached skill level 1 in Dodging
  2710 | Ossuary  | Reached skill level 6 in Axes
  2739 | Ossuary  | Reached skill level 5 in Shields
  2915 | Ossuary  | Reached XP level 7. HP: 61/61 MP: 6/6
  3019 | D:4      | Reached skill level 5 in Armour
  3186 | D:5      | Entered Level 5 of the Dungeon
  3198 | D:5      | Found a shadowy altar of Dithmenos.
  3510 | D:5      | Reached skill level 7 in Axes
  3998 | D:6      | Noticed Blork the orc
  4018 | D:6      | Killed Blork the orc
  4018 | D:6      | Reached XP level 8. HP: 15/70 MP: 7/7
  4483 | D:6      | Found a white marble altar of Elyvilon.
  4605 | D:6      | Reached skill level 8 in Axes
  4605 | D:6      | Reached skill level 1 in Stealth
  4902 | D:7      | Noticed Menkaure
  4921 | D:7      | Killed Menkaure
  4949 | D:7      | Noticed Pikel
  4957 | D:7      | Killed Pikel
  4957 | D:7      | Reached skill level 9 in Axes
  5012 | D:7      | Noticed a hippogriff
  5058 | D:6      | Reached XP level 9. HP: 24/78 MP: 8/8
  5694 | D:7      | Noticed Prince Ribbit
  5960 | D:7      | Killed Prince Ribbit
  6063 | D:7      | Found a staircase to the Ecumenical Temple.
  6181 | Temple   | Entered the Ecumenical Temple
  6387 | Temple   | Became a worshipper of Warmaster Okawaru
  6442 | D:8      | Found a sacrificial altar of Ru.
  6596 | D:8      | Reached skill level 10 in Axes
  6675 | D:8      | Noticed a two-headed ogre
  6682 | D:8      | Slain by a two-headed ogre

Skill      XL: |  1  2  3  4  5  6  7  8  9 |
---------------+----------------------------+-----
Axes           | 3 4 5 6 7 9 10 | 10.0
Fighting       | 4 5 6 7 |  7.3
Armour         | 4 6 7 8 |  8.6
Shields        | 4 5 6 |  6.8
Dodging        | 1 3 4 |  4.0
Stealth        | 1 |  1.1

Action                   |  1- 3 |  4- 6 |  7- 9 || total
-------------------------+-------+-------+-------++-------
Melee: War axe           |    99 |   122 |   238 ||   459
       Headbutt          |    17 |    26 |    58 ||   101
  Use: Scroll            |       |     1 |     7 ||     8
  Eat: Chunk             |     1 |     5 |     3 ||     9
       Ration            |       |     1 |     2 ||     3
Armor: Scale mail        |    49 |    36 |    71 ||   156
Dodge: Dodged            |    22 |    36 |    74 ||   132
Block: Shield            |    58 |    57 |   109 ||   224
